 Dungeon Crawl Stone Soup version 0.28.0 (webtiles) character file.

Game seed: 14743804752299751541

347 lonewolfV2 the Ruffian (level 6, 0/61 HPs)
             Began as a Troll Fighter on Feb 10, 2022.
             Slain by a two-headed ogre (9 damage)
             ... on level 4 of the Dungeon.
             The game lasted 00:04:39 (2961 turns).

lonewolfV2 the Ruffian (Troll Fighter)              Turns: 2961, Time: 00:04:40

Health: 0/61       AC:  4    Str: 27    XL:     6   Next: 33%
Magic:  14/14      EV:  9    Int:  4    God:
Gold:   103        SH:  7    Dex:  9    Spells: 5/5 levels left

rFire   . . .      SeeInvis .     - Unarmed
rCold   . . .      Faith    .   b - +0 kite shield
rNeg    . . .      Spirit   .   a - +0 robe
rPois   .          Reflect  .   (helmet restricted)
rElec   .          Harm     .   (no cloak)
rCorr   .          Rampage  .   (gloves unavailable)
Will    .....                   (boots unavailable)
Stlth   +.........              i - amulet of the acrobat
HPRegen 1.00/turn               d - ring of magical power
MPRegen 0.14/turn               (no ring)

@: mighty
A: large, unfitting armour, claws 3, regeneration 1, shaggy fur 1, tough skin 1
a: no special abilities


You were on level 4 of the Dungeon.
You visited 1 branch of the dungeon, and saw 4 of its levels.

You collected 103 gold pieces.

Inventory:

Armour
 a - a +0 robe (worn)
 b - a +0 kite shield (worn)
Jewellery
 d - a ring of magical power (left claw)
 i - an amulet of the acrobat (around neck)
Wands
 j - a wand of iceblast (1)
Scrolls
 k - a scroll of magic mapping
Potions
 e - 2 potions of heal wounds {unknown}
 f - 2 potions of degeneration
 h - a potion of lignification {unknown}
 l - 2 potions of magic {unknown}


   Skills:
 + Level 3.1 Fighting
 + Level 3.4 Dodging
 + Level 0.6 Stealth
 + Level 3.3 Shields
 + Level 4.5 Unarmed Combat


You had 5 spell levels left.
You didn't know any spells.
Your spell library contained the following spells:

 Spells                   Type           Power      Damage    Failure   Level
 Dazzling Flash           Conj/Hex       0%         N/A       99%         3
 Agony                    Necr           0%         N/A       100%        5
 Silence                  Hex/Air        0%         N/A       100%        5


Dungeon Overview and Level Annotations

Branches:
Dungeon (4/15)
 Temple: D:4-7

Altars:
Ashenzari

Shops:
D:2 [


Innate Abilities, Weirdness & Mutations

You are too large for most types of armour.
You have claws for hands.
Your natural rate of healing is unusually fast.
You are covered in fur. (AC +1)
You have tough skin. (AC +1)


Message History

a +0 club; a goblin corpse A hound comes into view.
Found a scroll of identify.
The hound barks!
A hound is nearby!
A hound is nearby!
A hound is nearby!
A two-headed ogre comes into view.
It is wielding a +0 giant spiked club and a +0 giant club.
The two-headed ogre shouts in stereo!
The hound pauses to sniff the ground.
You claw the hound!
The hound is heavily wounded.
The hound barely misses you.
You miss the hound.
The hound is heavily wounded.
You block the hound's attack. The hound barely misses you.
You claw the hound!
You kill the hound!
You feel very mighty all of a sudden.
The two-headed ogre hits you with a +0 giant spiked club.
You block the two-headed ogre's attack.
You claw the two-headed ogre!
The two-headed ogre is moderately wounded.
The two-headed ogre hits you with a +0 giant spiked club!
The two-headed ogre closely misses you.
You claw the two-headed ogre!
The two-headed ogre is moderately wounded.
You mangle the two-headed ogre!!
The two-headed ogre is severely wounded.
You block the two-headed ogre's attack. x2
You barely miss the two-headed ogre.
The two-headed ogre is severely wounded.
You block the two-headed ogre's attack.
The two-headed ogre hits you with a +0 giant club!
You claw the two-headed ogre!
The two-headed ogre is almost dead.
The two-headed ogre hits you with a +0 giant spiked club!!
* * * LOW HITPOINT WARNING * * *
The two-headed ogre hits you with a +0 giant club!
You die...

##......#
#.......########
#.....#......#
#....)#......# ##
#.....#......# #..
#.#...#......#
#...##.###........#####
#........+.............
#.?..#@###...##########
#....#O# #...# #... #.#
#..)# ###. #.# ##### #
..# ###### ..# #....#
..# #.##.# ##.# #.##.#
#.##.#


You could see a two-headed ogre.

Vanquished Creatures
  The ghost of Clumpoid the Covered, an amateur HuFi of Cheibriados (D:3)
  A hound (D:4)
  2 orc priests (D:3)
  Ijyb (D:3)
  2 orc wizards (D:3)
  5 adders
  A dart slug (D:1)
  5 orcs (D:3)
  4 bats
  4 endoplasms
  2 giant cockroaches
  5 goblins
  6 hobgoblins
  3 quokkas
  5 ball pythons
  2 frilled lizards
  5 kobolds
  4 rats
58 creatures vanquished.

Notes
Turn   | Place    | Note
-------+----------+-------------------------------------------
     0 | D:1      | lonewolfV2 the Troll Fighter began the quest for the Orb.
     0 | D:1      | Reached XP level 1. HP: 22/22 MP: 0/0
   413 | D:1      | Reached XP level 2. HP: 29/29 MP: 1/1
  1140 | D:2      | Reached XP level 3. HP: 37/37 MP: 2/2
  1699 | D:2      | Found Zienu's Antique Armour Shop.
  1925 | D:3      | Reached XP level 4. HP: 45/45 MP: 3/3
  1949 | D:3      | Reached skill level 3 in Unarmed Combat
  1978 | D:3      | Noticed Clumpoid's ghost (amateur HuFi)
  1982 | D:3      | Found a runed translucent door.
  2307 | D:3      | Reached XP level 5. HP: 41/53 MP: 4/4
  2462 | D:3      | Noticed Ijyb
  2469 | D:3      | Killed Ijyb
  2529 | D:3      | Reached skill level 4 in Unarmed Combat
  2701 | D:3      | Killed Clumpoid's ghost
  2702 | D:3      | Reached XP level 6. HP: 61/61 MP: 5/5
  2786 | D:4      | Found a broken altar of Ashenzari.
  2951 | D:4      | Noticed a two-headed ogre
  2961 | D:4      | Slain by a two-headed ogre

Illustrated notes

Levels and vault maps discovered:
D:1:      eino_arrival_water_cross, layout_loops_corners
D:2:      minmay_recursive_quarters, layout_basic, serial_shops, shop,
          kennysheep_generic_room_13
D:3:      layout_loops_ring, hellmonk_ghost_happy_afterlife,
          chequers_serial_rivers_micro_b, uniq_ijyb
D:4:      minmay_inner_zag, layout_basic, kennysheep_little_box,
          mainiacjoe_overflow_catwalk, minmay_a_box_with_orc_wizards_in_it

Skill      XL: |  1  2  3  4  5 |
---------------+----------------+-----
Fighting       | 3 |  3.1
Unarmed Combat | 3 4 |  4.5
Shields        | 3 |  3.3
Dodging        | 3 |  3.4
Stealth        | |  0.6

Action                   |  1- 3 |  4- 6 || total
-------------------------+-------+-------++-------
Melee: Unarmed           |   105 |    73 ||   178
  Use: Scroll            |     4 |     3 ||     7
       Potion            |       |     1 ||     1
Armor: Robe              |    55 |    18 ||    73
Dodge: Dodged            |    61 |    17 ||    78
Block: Kite shield       |    38 |    21 ||    59
